Unix NetHack Version 5.0.0-0 post-release - last build May 23 2026 06:08:33 (1c0ff79ee797540d5714e4e18072db0edd9e58ae,branch:main).

Game began 2026-05-27 17:31:17, ended 2026-05-27 23:00:15.

Brudee, neutral female human Tourist

                        -----------       -----------
                        |.........|     ---....|....|
                        |.....l%..|     |>...00|00..|
                        |......%..|     ---.........|
                        |....<.%..|       |....|....|
                        |........P|      ---------.-|
                        |.........|      |.....|.0..|
                        |..q......|      |.....|%...|
                        |g%.......|      |..........|
                        |@----------------.....|....|
                        |................^....%|....|
                        -----------------------------

Brudee the Excursionist     St:25 Dx:13 Co:17 In:13 Wi:8 Ch:16  Neutral S:4796
Dlvl:8  $:122 HP:0(61) Pw:25(25) AC:3  Xp:7/1084 T:4874 

Latest messages:
 With great effort you move the boulder.
 With great effort you move the boulder.
 With great effort you move the boulder.
 With great effort you move the boulder.
 You try to move the boulder, but in vain.
 The boulder suddenly rolls away from you!
 You hear a boulder fall.
 With great effort you move the boulder.
 With great effort you move the boulder.
 With great effort you move the boulder.
 With great effort you move the boulder.
 You try to move the boulder, but in vain.
 The boulder suddenly rolls away from you!
 You hear a boulder fall.
 You escape a rolling boulder trap.
 This door is locked.
 Unlock it with your key? [ynq] (q) y
 You succeed in unlocking the door.
 In what direction? k
 The door opens.
 You hit the rabid rat!
 The rabid rat bites!
 You kill the rabid rat!
 You hit the kobold mummy!
 The kobold mummy hits!
 You destroy the kobold mummy!
 There is an open door here.
 You see here a mummy wrapping.
 The gremlin hits!
 The gremlin hits again!
 The gremlin bites!
 The gremlin hits!
 The owlbear hits!
 The owlbear hits again!
 The owlbear grabs you!
 You hit the owlbear!
 The gremlin just misses!
 The gremlin hits!
 The gremlin bites!
 The gremlin misses!
 The owlbear hits!
 The owlbear hits again!
 You are being crushed.
 You kill the owlbear!
 The gremlin hits!
 The gremlin hits again!
 The gremlin bites!
 You die...
 Do you want your possessions identified? [ynq] (y) y
 Do you want to see your attributes? [ynq] (y) q

Inventory:
 Coins    ('$')
  $ - 122 gold pieces
 Weapons  (')')
  a - 17 +2 darts (at the ready)
  h - a cursed -1 elven dagger
  V - a +0 dwarvish short sword
  M - a +0 trident (weapon in right hand)
 Armor    ('[')
  W - a cursed -1 dwarvish iron helm (being worn)
  J - an uncursed +0 pair of gauntlets of power (being worn)
  Y - an uncursed +0 pair of elven boots (being worn)
  E - an uncursed +0 shield of shock resistance (being worn)
  G - an uncursed +0 cloak of protection (being worn)
  k - an uncursed +0 Hawaiian shirt with a hula dancer motif (being worn)
 Comestibles  ('%')
  b - an uncursed slime mold
  s - an uncursed cram ration
  o - an uncursed food ration
  F - an uncursed homemade tin of shrieker
 Scrolls  ('?')
  r - 2 uncursed scrolls of earth
 Potions  ('!')
  P - 4 uncursed potions of healing
  j - an uncursed potion of invisibility
  f - 2 potions of holy water
  x - an uncursed potion of water
  U - an uncursed potion of water
 Rings    ('=')
  p - a cursed ring of teleportation
 Wands    ('/')
  Z - a wand of cancellation (0:5)
  L - a wand of digging (0:5)
  u - a wand of lightning (0:6)
  n - a wand of locking (0:6)
  t - a wand of locking (0:6)
  q - a wand of polymorph (0:7)
  D - a wand of polymorph (0:7)
  K - a wand of undead turning (0:4)
 Tools    ('(')
  i - an uncursed sack containing 28 items
  S - an uncursed blindfold
  m - an uncursed skeleton key

Contents of the sack:
  75 gold pieces
  an uncursed +0 robe
  4 uncursed food rations
  an uncursed scroll of charging
  a blessed scroll of enchant armor
  an uncursed scroll of enchant armor
  2 uncursed scrolls of enchant weapon
  a cursed scroll of enchant weapon
  an uncursed scroll of gold detection
  2 uncursed scrolls of light
  a cursed scroll of punishment
  2 uncursed potions of booze
  an uncursed potion of confusion
  an uncursed potion of full healing
  an uncursed potion of levitation
  an uncursed potion of monster detection
  an uncursed potion of oil
  an uncursed potion of sleeping
  an uncursed potion of speed
  an uncursed ring of fire resistance
  an uncursed ring of searching
  a cursed ring of slow digestion
  an uncursed ring of warning
  a magic flute (0:8)
  a magic harp (0:8)
  an expensive camera (0:63)
  an uncursed worthless piece of white glass
  a cursed worthless piece of white glass

Brudee the Tourist's attributes:

Background:
 You were an Excursionist, a level 7 female human Tourist.
 You were neutral, nominally on a mission for The Lady
 who was opposed by Blind Io (lawful) and Offler (chaotic).
 You were right-handed.
 You were in Sokoban, on level 8.
 You entered the dungeon 4874 turns ago.
 It was nighttime.
 You had 1084 experience points, 196 more were needed to attain level 8.
 Your score was 4796 before end-of-game adjustments.

Basics:
 You had 0 out of 61 hit points.
 You had all 25 energy points (spell power).
 Your armor class was 3.
 Your wallet contained 122 zorkmids, and
 you had 75 more stashed away in your pack.
 Autopickup was on for '$!=+?/"' plus thrown.

Final Characteristics:
 Your strength was 25 (base:12, peak:15, innate limit:18/100).
 Your dexterity was 13 (limit:18).
 Your constitution was 17 (limit:18).
 Your intelligence was 13 (limit:18).
 Your wisdom was 8 (limit:18).
 Your charisma was 16 (limit:18).

Final Status:
 You weren't hungry.
 You were unencumbered.
 You were wielding a trident.
 You had basic skill with trident.

Final Attributes:
 You were piously aligned.
 You were cold resistant.
 You were shock resistant.
 Your items were protected from electric shocks.
 You were poison resistant.
 You were stealthy.
 You were protected.
 You are dead.

Miscellaneous:
 You didn't encounter any bones levels.
 Total elapsed playing time was 1 hour, 21 minutes and 52 seconds.

Major events:
 Turn
    1: Brudee the neutral female human Tourist entered the dungeon
 1131: attained the rank of Sightseer (level 3)
 3378: attained the rank of Excursionist (level 6)
 4126: entered Sokoban
 4413: completed 1st Sokoban level
 4846: completed 2nd Sokoban level
 4874: killed by a gremlin

Spells:
 Name                 Level Category     Fail Retention
 light                  1   divination    99%  76%-100%
 slow monster           2   enchantment  100%  76%-100%

Skills:
 Fighting Skills
   bare handed combat [Unskilled]
   two weapon combat  [Unskilled]
   riding             [Unskilled]
 Weapon Skills
   dagger             [Unskilled]
   knife              [Unskilled]
   axe                [Unskilled]
   pick-axe           [Unskilled]
   short sword        [Unskilled]
   broadsword         [Unskilled]
   long sword         [Unskilled]
   two-handed sword   [Unskilled]
   saber              [Unskilled]
   mace               [Unskilled]
   morning star       [Unskilled]
   flail              [Unskilled]
   hammer             [Unskilled]
   quarterstaff       [Unskilled]
   polearms           [Unskilled]
   spear              [Unskilled]
   trident            [Basic]
   lance              [Unskilled]
   bow                [Unskilled]
   sling              [Unskilled]
   crossbow           [Unskilled]
   dart               [Basic]
   shuriken           [Unskilled]
   boomerang          [Unskilled]
   whip               [Unskilled]
   unicorn horn       [Unskilled]
 Spellcasting Skills
   divination spells  [Unskilled]
   enchantment spells [Unskilled]
   escape spells      [Unskilled]

Voluntary challenges:
 Character rerolling was not enabled.
 You were an atheist.
 You never genocided any monsters.
 You never polymorphed an object.
 You never changed form.
 You used no wishes.
 You did not violate any of the special Sokoban rules.
Achievements:
 You entered a shop.
 You attained the rank of Sightseer.
 You attained the rank of Excursionist.
 You entered Sokoban.

 The Dungeons of Doom: levels 1 to 10
    Level 1:
       A fountain, a sink.
    Level 2:
    Level 3:
       A general store, a fountain.
    Level 4:
       A general store.
    Level 5:
       A food shop.
    Level 6:
       A general store, a fountain, a sink.
    Level 7:
       An armor shop, some fountains.
    Level 8:
       Some fountains.
    Level 9:
       Many fountains.
       Oracle of Delphi.
    Level 10:
       A fountain, a grave.
       Stairs up to Sokoban, level 9.
 Sokoban: levels 9 up to 8
    Level 8: <- You were here.
       Solved.
       Final resting place for
          you, killed by a gremlin.
    Level 9:
       Solved.


Vanquished creatures:
  2 small mimics
  a giant beetle
  3 wolves
  a leprechaun
 an iron piercer
  a giant spider
  a dwarf mummy
 an owlbear
  2 dust vortices
  a plains centaur
  4 human zombies
  a Woodland-elf
  2 fire ants
  2 wood nymphs
  a rock mole
  a yellow light
  a gnome leader
  a kobold mummy
  a floating eye
  2 dwarves
  a homunculus
  a kobold shaman
  a hill orc
  2 rothes
  2 rabid rats
  2 dwarf zombies
  a wererat
  2 acid blobs
  a coyote
  a gas spore
  a hobbit
  7 manes
  a hobgoblin
  3 giant rats
  3 cave spiders
  a yellow mold
  a red mold
  3 gnome zombies
  3 geckos
  2 jackals
  4 foxes
  4 goblins
  2 sewer rats
  7 grid bugs
  2 bats
  4 lichens
  a kobold zombie
  5 newts
98 creatures vanquished.

No species were genocided or became extinct.

Game over:
                       ----------
                      /          \
                     /    REST    \
                    /      IN      \
                   /     PEACE      \
                  /                  \
                  |      Brudee      |
                  |      197 Au      |
                  |   killed by a    |
                  |     gremlin      |
                  |                  |
                  |                  |
                  |       2026       |
                 *|     *  *  *      | *
        _________)/\\_//(\/(/\)/\//\/|_)_______

Aloha Brudee the Tourist...

You died in Sokoban on dungeon level 8 with 4796 points,
and 197 pieces of gold, after 4874 moves.
You were level 7 with a maximum of 61 hit points when you died.

